 Dungeon Crawl Stone Soup version 0.27.1 (webtiles) character file.

Game seed: 12552333437004463307

342 horus123 the Caller (level 6, -2/32 HPs)
             Began as a Deep Elf Summoner on Aug 22, 2021.
             Slain by a hornet zombie (6 damage)
             ... on level 5 of the Dungeon.
             The game lasted 00:15:25 (6794 turns).

horus123 the Caller (Deep Elf Summoner)             Turns: 6794, Time: 00:15:26

Health: -2/32      AC:  4    Str:  5    XL:     6   Next: 30%
Magic:  15/16      EV: 12    Int: 22    God:
Gold:   168        SH:  0    Dex: 15    Spells: 1/15 levels left

rFire    . . .     SeeInvis .   i - +4 quarterstaff (chaos)
rCold    . . .     Faith    +   (shield currently unavailable)
rNeg     . . .     Spirit   .   a - +0 robe
rPois    .         Reflect  .   d - +0 helmet
rElec    .         Harm     .   j - +0 cloak
rCorr    .         Rampage  .   (no gloves)
Will     .....                  (no boots)
Stlth    ++........             h - amulet of faith
HPRegen  0.10/turn              (no ring)
MPRegen  0.15/turn              (no ring)

@: no status effects
A: no striking features
a: no special abilities


You were on level 5 of the Dungeon.
You visited 1 branch of the dungeon, and saw 5 of its levels.

You collected 168 gold pieces.

Inventory:

Hand Weapons
 i - a +4 quarterstaff of chaos (weapon)
Armour
 a - a +0 robe (worn)
 d - a +0 helmet (worn)
 j - a +0 cloak (worn)
Jewellery
 h - an amulet of faith (around neck)
Wands
 f - a wand of iceblast (2)
Scrolls
 c - a scroll of magic mapping
 e - a scroll of fog {unknown}
 n - a scroll of torment
Potions
 b - a potion of flight {unknown}
 g - 2 potions of magic
 k - a potion of mutation {unknown}
 m - a potion of lignification {unknown}
 o - a potion of ambrosia {unknown}


   Skills:
 + Level 2.5 Dodging
 + Level 3.1 Stealth
 + Level 5.4 Spellcasting
 + Level 1.6 Conjurations
 * Level 6.6 Summonings
 * Level 1.3 Air Magic


You had one spell level left.
You knew the following spells:

 Your Spells              Type           Power      Damage    Failure   Level
a - Summon Small Mammal   Summ           100%       N/A       1%          1
b - Magic Dart            Conj           52%        1d5       4%          1
c - Call Imp              Summ           35%        N/A       1%          2
d - Call Canine Familiar  Summ           35%        N/A       1%          3
e - Summon Lightning Spi  Summ/Air       23%        N/A       19%         4
f - Summon Guardian Gole  Hex/Summ       20%        N/A       8%          3

Your spell library contained the following spells:

 Spells                   Type           Power      Damage    Failure   Level
 Blink                    Tloc           N/A        N/A       14%         2
 Mephitic Cloud           Conj/Pois/Air  10%        N/A       19%         3
 Lesser Beckoning         Tloc           3%         N/A       28%         3
 Manifold Assault         Tloc           6%         N/A       95%         5


Dungeon Overview and Level Annotations

Branches:
Dungeon (5/15)
 Temple: D:4-7

Altars:
Dithmenos

Shops:
D:3 :

Annotations:
D:4 3 runed translucent doors, DunceCap's ghost, amateur DDFi; ZARRMARR's ghost, amateur GnMo; delverdan's ghost, amateur DsGl


Message History

Found a glowing pink potion.
You now have 168 gold pieces (gained 20).
Found a quarterstaff.
k - a glowing pink potion
Found a robe.
You swap places.
A hornet zombie comes into view.
A hornet zombie is nearby!
You swap places.
You swap places.
Your hound disappears in a puff of smoke!
You see here a +0 robe.
The hornet zombie hits you!
Casting: Call Canine Familiar (safe; 1% risk of failure)
Confirm with . or Enter, or press ? or * to list all spells.
The hornet zombie hits you! The hornet zombie barely misses you.
Your hound bites the hornet zombie.
Your hound bites the hornet zombie but does no damage.
The hornet zombie barely misses your hound.
You hit the bush. You burn the bush.
The bush is lightly damaged.
Your hound bites the hornet zombie but does no damage.
The hornet zombie hits you but does no damage.
Your hound barely misses the hornet zombie.
The hornet zombie closely misses you.
Your hound bites the hornet zombie.
The hornet zombie hits you.
Your hound barely misses the hornet zombie.
The hornet zombie barely misses you.
Your hound closely misses the hornet zombie.
Your hound bites the hornet zombie.
The hornet zombie barely misses you.
Your hound barely misses the hornet zombie.
You hear the slow rusting of a very distant drain.
Your hound bites the hornet zombie.
The hornet zombie hits you!
* * * LOW HITPOINT WARNING * * *
Your hound bites the hornet zombie but does no damage.
The hornet zombie hits you.
You die... #..# #.# #[# #.## #.####..### ##########.#...#.... .................... #########....<......
PPPPPPPPP.PPP.......

P.P.Zh......P.......
P.P@PPP.PPPPP.......
#...P...P........##...
##P.PPP.PPPPPPP.######
P.....P.)...P.#


P.PPPPP.PPP.P.# P. ...P ..P.# P. PPP.PPP.P.# P ... P.P.# PP P.P.# You could see
a hornet zombie (ally target) and a friendly hound (summoned).

Vanquished Creatures
  An adder (D:4)
  A gnoll (D:3)
  A dart slug (D:3)
  An orc (D:3)
  4 ball pythons
  8 bats
  4 endoplasms
  3 giant cockroaches
  5 goblins
  4 hobgoblins
  3 jackals (D:2)
  2 quokkas (D:1)
  A frilled lizard (D:3)
  5 kobolds
  5 rats (D:1)
48 creatures vanquished.

Vanquished Creatures (collateral kills)
  2 ogres
  A necrophage (D:4)
  A scorpion (D:4)
  A water moccasin skeleton (D:5)
  Crazy Yiuf (D:3)
  An orc wizard (D:4)
  3 adders
  3 gnolls (D:3)
  A worm (D:2)
  2 dart slugs
  10 orcs
  3 ball pythons
  2 endoplasms
  A giant cockroach (D:1)
  2 goblins (D:1)
  2 hobgoblins (D:1)
  A jackal (D:2)
  A quokka (D:3)
  A bat (D:1)
  2 frilled lizards
  4 kobolds
  6 rats
51 creatures vanquished.

Vanquished Creatures (others)
  A fungus (D:3)
1 creature vanquished.

Grand Total: 100 creatures vanquished

Notes
Turn   | Place    | Note
-------+----------+-------------------------------------------
     0 | D:1      | horus123 the Deep Elf Summoner began the quest for the Orb.
     0 | D:1      | Reached XP level 1. HP: 10/10 MP: 6/6
   100 | D:1      | Found a faded altar of an unknown god.
   635 | D:1      | Learned a level 1 spell: Magic Dart
   864 | D:1      | Reached XP level 2. HP: 11/15 MP: 1/8
  1088 | D:1      | Learned a level 2 spell: Call Imp
  1728 | D:1      | Reached XP level 3. HP: 19/19 MP: 7/10
  1751 | D:1      | Learned a level 3 spell: Call Canine Familiar
  1992 | D:1      | Reached skill level 1 in Conjurations
  2295 | D:2      | Reached skill level 5 in Summonings
  3352 | D:3      | Noticed an ogre
  3363 | D:3      | Killed an ogre
  3364 | D:3      | Reached XP level 4. HP: 24/24 MP: 1/12
  3464 | D:3      | Learned a level 4 spell: Summon Lightning Spire
  4278 | D:3      | Found a runed translucent door.
  4279 | D:3      | Noticed Crazy Yiuf
  4310 | D:3      | Killed Crazy Yiuf
  4634 | D:3      | Reached XP level 5. HP: 28/28 MP: 11/14
  4717 | D:3      | Found Uto Gung's Book Boutique.
  4726 | D:3      | Reached skill level 5 in Spellcasting
  5381 | D:4      | Found a shadowy altar of Dithmenos.
  5394 | D:4      | Reached skill level 1 in Air Magic
  5433 | D:4      | Noticed a necrophage
  5463 | D:4      | Killed a necrophage
  5464 | D:4      | Reached skill level 6 in Summonings
  6412 | D:4      | Reached XP level 6. HP: 32/32 MP: 8/15
  6463 | D:4      | Found a runed translucent gate.
  6463 | D:4      | Found a runed translucent gate.
  6482 | D:4      | Found a runed translucent gate.
  6484 | D:4      | Noticed delverdan's ghost (amateur DsGl)
  6484 | D:4      | Noticed DunceCap's ghost (amateur DDFi)
  6485 | D:4      | Noticed ZARRMARR's ghost (amateur GnMo)
  6498 | D:4      | Learned a level 3 spell: Summon Guardian Golem
  6692 | D:5      | Entered Level 5 of the Dungeon
  6794 | D:5      | Slain by a hornet zombie

Illustrated notes

Levels and vault maps discovered:
D:1:      dpeg_arrival_subterranean_lakeside_camping, layout_basic,
          basic_ecumenical_altar, chequers_serial_rivers_micro_d,
          minmay_pentomino_o4
D:2:      layout_loops_cross
D:3:      layout_basic, serial_shops, nicolae_square_shop,
          wander_ebering_terrifying_dragon_lair, uniq_crazy_yiuf_cottage
D:4:      layout_loops_ring, nicolae_dithmenos_shadow_blocks,
          gammafunk_ghost_cemetery
D:5:      layout_rooms, minmay_temple_entry_large_hall, portal_sewer_entry_d,
          mrwooster_statue_mirror, minmay_hedge_maze, guppyfry_early_orc_mine

Skill      XL: |  1  2  3  4  5 |
---------------+----------------+-----
Conjurations   | 1 |  1.6
Summonings     | 5 6 |  6.6
Stealth        | 3 |  3.1
Spellcasting   | 4 5 |  5.4
Air Magic      | 1 |  1.3
Dodging        | |  2.5

Action                   |  1- 3 |  4- 6 || total
-------------------------+-------+-------++-------
Melee: Unarmed           |     1 |       ||     1
       Quarterstaff      |       |     5 ||     5
 Cast: Magic Dart        |    97 |    54 ||   151
       Summon Small Mamm |    17 |       ||    17
       Call Imp          |    11 |    23 ||    34
       Call Canine Famil |     6 |    18 ||    24
       Summon Lightning  |       |     2 ||     2
  Use: Scroll            |     3 |     4 ||     7
       Potion            |       |     1 ||     1
Armor: Robe              |    15 |     7 ||    22
Dodge: Dodged            |    45 |    18 ||    63
